Map: Automaton LE

Players

Throwfordays - Winner!

  • Race: Protoss Protoss
  • League: Silver
  • Spawn Location: 9:00

Genidoxian

  • Race: Terran Terran
  • League: Silver
  • Spawn Location: 3:00

VOD

Have the link to the VOD?

Description

Time

  • Played on: Feb. 10, 2019, 8:11 p.m.
  • Length: 9:37
Show
View Real Time Build Order
Export as new Build Order

Throwfordays Protoss - Winner!

Build Orders:  

Get SALT Encoding   

  12  0:00  Probe  
  13  0:12  Probe  
  14  0:19  Pylon  
  14  0:24  Probe  
  15  0:37  Probe  
  15  0:42  Gateway  
  16  0:49  Assimilator  
  16  0:51  Probe  
  17  1:03  Probe  
  18  1:15  Probe  
  19  1:27  Probe  
  20  1:38  Cybernetics Core  
  20  1:39  Probe  
  21  1:44  Warp Gate  
  20  1:51  Probe  
  20  1:52  Nexus  
  21  1:59  Pylon  
  21  2:10  Gateway  
  21  2:23  Assimilator  
  21  2:35  Forge  
  21  2:41  Twilight Council  
  21  2:48  Pylon  
  21  2:53  Probe  
  22  3:01  Probe  
  23  3:05  Probe  
  23  3:09  Probe  
  24  3:15  Probe  
  24  3:18  Probe  
  26  3:23  Probe  
  27  3:31  Probe  
  27  3:32  Probe  
  29  3:37  Protoss Ground Weapons Level 1  
  30  3:43  Probe  
  30  3:44  Probe  
  30  3:47  Gateway  
  32  3:55  Probe  
  33  3:56  Probe  
  33  3:57  Resonating Glaives  
  33  4:02  Assimilator  
  34  4:05  Assimilator  
  34  4:07  Probe  
  34  4:08  Probe  
  36  4:15  Probe  
  36  4:24  Probe  
  38  4:33  Pylon, Probe  
  38  4:34  Probe  
  40  4:43  Adept x2  
  40  4:45  Adept, Probe  
  47  4:48  Pylon  
  47  4:50  Pylon  
  47  4:54  Pylon  
  47  4:55  Gateway  
  47  4:57  Probe  
  47  4:58  Gateway  
  48  5:06  Forge  
  48  5:11  Adept  
  48  5:12  Adept x2  
  50  5:26  Protoss Ground Weapons Level 2  
  48  5:34  Protoss Ground Armor Level 1, Adept x2  
  52  5:35  Pylon  
  52  5:36  Pylon  
  50  5:56  Charge  
  50  6:00  Adept x3  
  50  6:01  Adept  
  58  6:11  Probe  
  59  6:13  Probe  
  60  6:23  Nexus, Probe  
  60  6:25  Pylon  
  61  6:26  Probe  
  62  6:35  Probe  
  62  6:39  Stalker x2  
  67  6:40  Stalker x2  
  67  6:41  Stalker  
  71  7:21  Zealot x4  
  71  7:22  Zealot  
  81  7:29  Blink  
  81  7:36  Probe  
  82  7:45  Assimilator  
  82  7:46  Zealot x2  
  82  7:47  Zealot x3  
  82  7:48  Probe  
  82  7:49  Assimilator  
  93  8:00  Probe  
  94  8:12  Probe  
  71  8:24  Probe  
  66  8:27  Zealot x2  
  66  8:28  Zealot x3  
  76  9:02  Zealot x3  
  80  9:03  Zealot x2  
Show
View Real Time Build Order
Export as new Build Order

Genidoxian Terran 

Build Orders:  

Get SALT Encoding   

  12  0:01  SCV  
  13  0:15  Supply Depot  
  13  0:18  SCV  
  14  0:30  SCV  
  15  0:38  Barracks  
  15  0:45  Refinery  
  15  0:47  SCV  
  16  0:59  SCV  
  17  1:05  Supply Depot  
  18  1:11  SCV  
  18  1:23  SCV  
  19  1:32  Marine  
  20  1:35  SCV  
  21  1:51  Barracks Reactor  
  21  1:53  Supply Depot  
  21  2:03  Supply Depot  
  21  2:13  Barracks  
  21  2:21  Bunker  
  21  2:27  Supply Depot  
  21  2:29  SCV  
  22  2:33  Marine x2  
  24  2:42  Bunker  
  24  2:43  Supply Depot  
  24  2:50  SCV  
  25  2:53  Marine  
  25  2:55  Marine  
  27  3:00  Barracks Reactor  
  27  3:03  SCV  
  28  3:31  Marine  
  28  3:32  Marine  
  30  3:41  Command Center  
  30  3:42  Marine  
  30  3:45  Marine  
  32  3:56  Marine x2  
  32  4:00  Orbital Command  
  34  4:12  Marine x2  
  36  4:20  Marine  
  36  4:21  Marine  
  38  4:30  SCV  
  39  4:38  Marine x2  
  39  4:39  Marine x2  
  39  4:42  SCV  
  44  4:52  Factory  
  44  4:53  SCV  
  44  4:54  SCV  
  44  4:56  Marine  
  47  5:05  SCV  
  44  5:24  Marine x4  
  46  5:42  Marine x2  
  44  5:46  SCV  
  45  5:50  Factory Tech Lab  
  45  5:52  Marine x2  
  46  5:59  Orbital Command  
  46  6:00  Marine, SCV  
  48  6:05  Starport  
  48  6:08  Armory  
  48  6:11  Engineering Bay  
  48  6:19  SCV  
  48  6:21  Marine x4  
  53  6:26  SCV  
  53  6:31  SCV  
  55  6:39  Marine x2, Siege Tank  
  60  6:40  Barracks  
  60  6:46  Liberator  
  63  6:51  Terran Infantry Weapons Level 1  
  63  6:56  Barracks  
  59  7:07  Bunker  
  59  7:20  SCV x2  
  61  7:24  Siege Tank  
  61  7:25  Marine x4  
  61  7:29  Starport Reactor  
  68  7:36  Refinery, SCV  
  68  7:37  SCV  
  70  7:39  Refinery  
  70  7:41  Missile Turret  
  70  7:42  Refinery  
  70  7:45  Missile Turret  
  70  7:48  Barracks Tech Lab  
  70  7:49  Barracks Reactor  
  70  7:55  Barracks  
  70  7:56  Barracks  
  70  8:04  Marine x4  
  52  8:25  Marine x4  
  40  8:40  Marine x2  
  40  8:41  Marine  
  30  8:49  Marine x3  
  30  8:50  Marine  
  39  8:58  Marine  
  39  8:59  Marauder  
  39  9:00  Marine  
  40  9:07  Marine x2  
Tags
 
Matchup
PvT
Replay Pack
Multiplayer
Spawn Locations
Cross Positions
Add a new tag
Caveats
  • Supply blocks, unpowered buildings, or Contaminate may cause inaccurate times.
  • Supply counts are checked every 10 seconds.